 Dungeon Crawl Stone Soup version 0.24.1-14-gf8d2b509d9 (webtiles) character file.

Game seed: 17305449013534734720, levelgen mode: deterministic

20 Hugehornet the Sneak (level 2, 0/17 HPs)
             Began as an Octopode Enchanter on May 19, 2020.
             Slain by a jackal (2 damage)
             ... on level 1 of the Dungeon.
             The game lasted 00:01:09 (764 turns).

Hugehornet the Sneak (Octopode Enchanter)            Turns: 764, Time: 00:01:09

Health: 0/17       AC:  1    Str:  7    XL:     2   Next: 79%
Magic:  5/5        EV: 13    Int: 17    God:
Gold:   1          SH:  0    Dex: 12    Spells: 2/5 levels left

rFire    . . .     SeeInvis .   a - +1 dagger
rCold    . . .     Gourm    .   (no shield)
rNeg     . . .     Faith    .   (helmet restricted)
rPois    .         Spirit   .   (no amulet)
rElec    .         Reflect  .   (no ring)
rCorr    .         Harm     .   (no ring)
MR       .....                  (no ring)
Stlth    ++++......             (no ring)
HPRegen  0.05/turn              (no ring)
MPRegen  0.09/turn              (no ring)
                                (no ring)
                                (no ring)

@: no status effects
A: almost no armour, stealthy swim, amphibious, 8 rings, constrict 8, camouflage
1, gelatinous body 1
a: no special abilities


You were on level 1 of the Dungeon.
You were not hungry.

You visited 1 branch of the dungeon, and saw 1 of its levels.

You collected 1 gold pieces.

Inventory:

Hand Weapons
 a - a +1 dagger (weapon)
Scrolls
 d - a scroll of amnesia {unknown}
 e - 2 scrolls of identify {unknown}
 f - a scroll of remove curse {unknown}
Potions
 b - a potion of curing {unknown}
Comestibles
 c - 2 rations


   Skills:
 + Level 1.1 Short Blades
 - Level 2.0 Dodging
 * Level 5.2 Stealth
 + Level 2.0 Spellcasting
 - Level 3.0 Hexes
 + Level 0.2 Ice Magic


You had 2 spell levels left.
You knew the following spells:

 Your Spells              Type           Power        Failure   Level  Hunger
a - Corona                Hex            ##.....      5%          1    #......
b - Ensorcelled Hibernat  Hex/Ice        #.....       16%         2    ###....

Your spell library contained the following spells:

 Spells                   Type           Power        Failure   Level  Hunger
 Confuse                  Hex            ##......     17%         3    ###....
 Tukima's Dance           Hex            ##......     17%         3    ###....
 Dazzling Spray           Conj/Hex       #.....       30%         3    ###....


Dungeon Overview and Level Annotations

Branches:
Dungeon (1/15)

Altars:


Innate Abilities, Weirdness & Mutations

You cannot wear most types of armour.
You are very stealthy in the water. (Stealth+)
You are amphibious.
You can wear up to eight rings at the same time.
You can use your tentacles to constrict eight enemies at once.
Your skin changes colour to match your surroundings (Stealth+).
Your rubbery body absorbs attacks. (AC +1, EV +1)


Message History

The jackal is lightly wounded.
You constrict the jackal, but do no damage.
The jackal bites you.
* * * LOW HITPOINT WARNING * * *
You barely miss the jackal. Your squeeze misses the jackal.
The jackal is lightly wounded.
You constrict the jackal. The jackal bites you.
* * * LOW HITPOINT WARNING * * *
You hit the jackal but do no damage.
The jackal is moderately wounded.
You constrict the jackal.
The jackal bites you but does no damage.
The jackal barely misses you.
You hit the jackal.
The jackal is heavily wounded.
You constrict the jackal. The jackal closely misses you.
You hit the jackal but do no damage.
The jackal is severely wounded.
You constrict the jackal. The jackal bites you.
You die...

#. #. .. . #.
####.###
#....h†#
.#@###### #
##.#.†.$..#
#.#..#.>....#
#.#.##..†...#
#...........#
#.#
###.###.....#
#.#
####.###....##
###.#
#.†.........#
#....
#.##.##.....#
#..#.


You could see a jackal.

Vanquished Creatures
  2 leopard geckos (D:1)
  2 bats (D:1)
  6 jackals (D:1)
  3 kobolds (D:1)
  2 frilled lizards (D:1)
15 creatures vanquished.

Notes
Turn   | Place    | Note
-------+----------+-------------------------------------------
     0 | D:1      | Hugehornet the Octopode Enchanter began the quest for the
                  | Orb.
     0 | D:1      | Reached XP level 1. HP: 11/11 MP: 3/3
   550 | D:1      | Reached XP level 2. HP: 17/17 MP: 5/5
   552 | D:1      | Reached skill level 5 in Stealth
   559 | D:1      | Learned a level 2 spell: Ensorcelled Hibernation
   764 | D:1      | Slain by a jackal

Levels and vault maps discovered:
D:1:      dpeg_arrival_round_b, layout_loops_cross

Skill      XL: |  1  2 |
---------------+-------+-----
Stealth        | 5 |  5.2
Short Blades   | |  1.1
Dodging        | |  2.0
Spellcasting   | |  2.0
Hexes          | |  3.0
Ice Magic      | |  0.2

Action                   || total
-------------------------++-------
Melee: Dagger            ||    39
       Tentacles         ||     4
       Constrict         ||     8
 Stab: Sleeping          ||     4
Armor: Skin              ||     4
Dodge: Dodged            ||    27
